 Dungeon Crawl Stone Soup version 0.21-a0-94-gdd6ab6a (webtiles) character file.

37 nikopol the Firebug (level 3, -1/19 HPs)
             Began as a Deep Elf Fire Elementalist on July 2, 2017.
             Slain by Terence
             ... wielding a +0 mace
              (5 damage)
             ... on level 2 of the Dungeon.
             The game lasted 00:04:29 (782 turns).

nikopol the Firebug (Deep Elf Fire Elementalist)     Turns: 782, Time: 00:04:30

Health: -1/19      AC:  3    Str:  5    XL:     3   Next: 23%
Magic:  5/10       EV: 13    Int: 20    God:
Gold:   55         SH:  0    Dex: 15    Spells: 6/9 levels left

rFire    . . .     SeeInvis .   g - +0 short sword
rCold    . . .     Gourm    .   (no shield)
rNeg     . . .     Faith    .   a - +0 robe
rPois    .         Spirit   .   (no helmet)
rElec    .         Reflect  .   f - +0 cloak
rCorr    .         Harm     .   (no gloves)
MR       .....                  (no boots)
Stlth    ++........             (no amulet)
HPRegen  0.06/turn              (no ring)
MPRegen  0.12/turn              (no ring)

@: no status effects
A: no striking features
a: no special abilities


You were on level 2 of the Dungeon.
You were not hungry.

You visited 1 branch of the dungeon, and saw 2 of its levels.

You collected 55 gold pieces.

Inventory:

Hand Weapons
 g - a +0 short sword (weapon)
 l - a +0 dagger
Armour
 a - a +0 robe (worn)
 f - a +0 cloak (worn)
Jewellery
 o - a +4 ring of strength {unknown}
Scrolls
 h - a scroll of enchant weapon {unknown}
 i - 2 scrolls of identify {unknown}
 j - a scroll of amnesia {unknown}
 k - a scroll of remove curse {unknown}
 n - a scroll of immolation {unknown}
 r - a scroll of noise {unknown}
Potions
 e - a potion of curing {unknown}
 m - a potion of heal wounds {unknown}
 p - a potion of brilliance {unknown}
Books
 b - a book of Flames

   Spells                             Type                      Level
   a - Flame Tongue                   Conjuration/Fire             1
   b - Throw Flame                    Conjuration/Fire             2
   c - Conjure Flame                  Conjuration/Fire             3
   d - Inner Flame                    Hexes/Fire                   3
   e - Sticky Flame                   Conjuration/Fire             4
   f - Fireball                       Conjuration/Fire             5
Comestibles
 c - a bread ration
 d - 4 chunks of flesh
 q - a meat ration


   Skills:
 + Level 2.8 Dodging
 + Level 2.6 Stealth
 + Level 3.5 Spellcasting
 + Level 1.4 Conjurations
 + Level 4.0 Fire Magic


You had 6 spell levels left.
You knew the following spells:

 Your Spells              Type           Power        Failure   Level  Hunger
a - Flame Tongue          Conj/Fire      ##...        4%          1    None
b - Throw Flame           Conj/Fire      ##....       7%          2    ##.....


Dungeon Overview and Level Annotations

Branches:
Dungeon (2/15)

Altars:

Annotations:
D:2 Terence


Message History

Terence hits you with a mace!
Ouch! That really hurt!
Casting: Flame Tongue
Confirm with . or Enter, or press ? or * to list all spells.
Aiming: Flame Tongue
Press: ? - help, Shift-Dir - straight line, f/p - Terence
Aim: Terence, wielding a mace and wearing a scale mail (heavily wounded)
The flame tongue hits Terence.
Terence appears unharmed.
Terence is heavily wounded.
Terence hits you with a mace.
* * * LOW HITPOINT WARNING * * *
Casting: Flame Tongue
Confirm with . or Enter, or press ? or * to list all spells.
Aiming: Throw Flame
Press: ? - help, Shift-Dir - straight line, f/p - Terence
Aim: Terence, wielding a mace and wearing a scale mail (heavily wounded)
The puff of flame hits Terence.
Terence is severely wounded.
Terence hits you with a mace.
You die...

#(...............
#................
#............###
######..........÷.'.
#....#............#
#....#........)...#
#....#..........÷.#
#....#..........<.#
#....@@...........#
#...........#######
#...........#
#...........#
#...........#
#############


You could see Terence.

Vanquished Creatures
  An adder (D:2)
  A dart slug (D:1)
  A leopard gecko (D:1)
  5 bats
  2 giant cockroaches (D:1)
  2 goblins (D:1)
  5 hobgoblins
  A jackal (D:2)
  A frilled lizard (D:1)
  3 kobolds (D:1)
  3 rats
25 creatures vanquished.

Notes
Turn   | Place    | Note
-------+----------+-------------------------------------------
     0 | D:1      | nikopol the Deep Elf Fire Elementalist began the quest for the Orb.
     0 | D:1      | Reached XP level 1. HP: 10/10 MP: 6/6
   160 | D:1      | Reached XP level 2. HP: 15/15 MP: 1/8
   677 | D:2      | Reached skill level 4 in Fire Magic
   677 | D:2      | Reached XP level 3. HP: 19/19 MP: 6/10
   751 | D:2      | Noticed Terence
   779 | D:2      | Learned a level 2 spell: Throw Flame
   782 | D:2      | Slain by Terence

Vault maps used:
D:1:      tarquinn_simple_flora_water_d
D:2:      minitemple, grunt_ministairs_1, nicolae_qazlal_style_of_elements,
          uniq_terence, uniq_jessica

Skill      XL: |  1  2 |
---------------+-------+-----
Fire Magic     | 4 |  4.0
Dodging        | |  2.8
Stealth        | |  2.6
Spellcasting   | |  3.5
Conjurations   | |  1.4

Action                   || total
-------------------------++-------
 Cast: Flame Tongue      ||    40
       Throw Flame       ||     1
Dodge: Dodged            ||     9
